Cogmind - Beta 13 @@@ ROGUE MODE // 2024.03.08 @ 16:14:53 Player: HeartGrenade Result: Destroyed by Z4-N2C(R) with Subdweller Machine Gun Performance ------------- Evolutions (0) 0 Regions Visited (2) 400 Robots Destroyed (24) 120 Value Destroyed (601) 601 Prototype IDs (2) 40 Alien Tech Used (0) 0 Bonus (0) 0 TOTAL SCORE: 1161 Bonus ------- None Cogmind --------- Core Integrity 0/250 Matter 293/300 Energy 100/100 System Corruption 0% Temperature Cool (0) Movement Core (500) Ox9 Location -10/Subcaves Parts ------- > --- POWER (1) -------- (None) > --- PROPULSION (2) --- (None) > --- UTILITY (2) ------ Large Storage Unit Improved Targeting Computer > --- WEAPON (2) ------- Subdweller Beam Cannon Assault Rifle > --- INVENTORY (15) --- Subdweller Power Source Light Treads Light Treads Improved Heat Sink Seismic Detector Light Armor Plating Light Armor Plating Scrap Shield Beam Rifle Subdweller Laser Subdweller Beam Cannon Assault Rifle Peak State ------------ > --- POWER ------------ Subdweller Power Source > --- PROPULSION ------- Light Treads Spiked Treads > --- UTILITY ---------- Large Storage Unit Improved Targeting Computer > --- WEAPON ----------- Subdweller Laser Subdweller Machine Gun > --- INVENTORY -------- Subdweller Power Source Light Treads Light Treads Improved Heat Sink Seismic Detector Light Armor Plating Light Armor Plating Scrap Shield Beam Rifle Beam Rifle Light EM Pulse Cannon Light EM Pulse Cannon Assault Rifle Assault Rifle [Rating: 14] Favorites ----------- Power Subdweller Power Source Engine Subdweller Power Source Propulsion Light Treads Treads Light Treads Utility Improved Targeting Computer Storage Large Storage Unit Processor Improved Targeting Computer Weapon Assault Rifle Energy Gun Beam Rifle Energy Cannon Subdweller Beam Cannon Ballistic Gun Assault Rifle Build | -11 -10 -10 ------- Run | Yrd Mat Sub Slots Evolved . | . . . Power . | . . . Propulsion . | . . . Utility . | . . . Weapon . | . . . Parts Attached 23 | 4 9 10 Power 4 | . 2 2 Engine 4 | . 2 2 Core . | . . . Reactor . | . . . Propulsion 7 | 2 2 3 Treads 7 | 2 2 3 Leg . | . . . Wheel . | . . . Hover . | . . . Flight . | . . . Utility 2 | . 2 . Device . | . . . Storage 1 | . 1 . Processor 1 | . 1 . Hackware . | . . . Protection . | . . . Artifact . | . . . Weapon 10 | 2 3 5 Energy Gun 4 | 1 2 1 Energy Cannon 1 | . . 1 Ballistic Gun 5 | 1 1 3 Ballistic Cannon . | . . . Launcher . | . . . Special Weapon . | . . . Impact Weapon . | . . . Slashing Weapon . | . . . Piercing Weapon . | . . . Special Melee Weapon . | . . . Unidentified Prototypes . | . . . Parts Lost 4 | . 1 3 Power 1 | . . 1 Propulsion 2 | . . 2 Utility . | . . . Weapon 1 | . 1 . Highest Loss Streak 3 | . 1 3 To Critical Strikes . | . . . Average Slot Usage (%) 97 | . 93 100 Engine 12 | . 10 14 Treads 28 | . 28 28 Storage 13 | . 12 14 Processor 13 | . 13 14 Energy Gun 11 | . 14 10 Ballistic Gun 16 | . 14 17 Naked Turns . | . . . Heaviest Build 33 | 2 30 33 Greatest Support 40 | 20 40 40 Greatest Overweight (x) 1 | . 1 . Average Overweight (x) . | . . . Largest Inventory Capacity 15 | 5 15 15 Average Capacity 14 | 5 13 15 Most Carried 15 | 1 15 15 Average Carried 13 | . 10 14 Final Capacity 15 | 5 15 15 Final Carried 15 | 1 15 13 Class Distribution -------------------- 65% | Mutant 34% | Scavenger-Mutant Dominant Class ---------------- Mutant | -10/Materials Scavenger-Mutant | -10/Subcaves Resources | -11 -10 -10 ----------- Run | Yrd Mat Sub Matter Collected 659 | 240 197 222 Remotely . | . . . Salvage Created 790 | . 534 256 Parts 54 | . 36 18 Haulers Intercepted 2 | . 2 . Recyclers Shooed 1 | . 1 . Parts Field Recycled . | . . . Retrieved Matter . | . . . Parts Self-Destructed 12 | . . 12 Prevented . | . . . Kills | -11 -10 -10 ------- Run | Yrd Mat Sub Combat Hostiles Destroyed 19 | . 11 8 Guns 19 | . 11 8 Classes Destroyed 6 | . 5 1 Tunneler 1 | . 1 . Hauler 2 | . 2 . Operator 2 | . 2 . Swarmer 6 | . 3 3 Grunt 8 | . 8 . Subdweller 5 | . . 5 Best Kill Streak 5 | . 5 3 Combat Bots Only 5 | . 5 3 Max Kills in Single Turn 2 | . 1 2 Gunslinging 1 | . . 1 Exploded . | . . . Melee . | . . . Uniques/NPCs Destroyed . | . . . Combat | -11 -10 -10 -------- Run | Yrd Mat Sub Hostile Shots Fired 143 | . 69 74 Missed 46 | . 17 29 Damage Taken 1499 | . 629 870 Core 250 | . 111 139 Absorbed by Shields . | . . . Core Remaining (%) 100 | 100 . . Volleys Fired 109 | . 54 55 Largest 2 | . 2 2 Hottest 100 | . 76 100 Shots Fired 192 | . 106 86 Gun 188 | . 106 82 Cannon 4 | . . 4 Launcher . | . . . Special . | . . . Kinetic 104 | . 54 50 Thermal 88 | . 52 36 Explosive . | . . . Electromagnetic . | . . . Robot Hit Streak 20 | . 17 20 Robot Miss Streak 3 | . 3 1 Penetration Max . | . . . Secondary Targets 4 | . 3 1 Max Gunslinging Chain 1 | . 1 1 Shots Hit Robots 136 | . 79 57 Core Hits 49 | . 31 18 Critical Kills . | . . . Critical Parts Destroyed 2 | . 1 1 Critical Strikes 9 | . 6 3 Burn 6 | . 5 1 Destroy 3 | . 1 2 Melee Attacks . | . . . Impact . | . . . Slashing . | . . . Piercing . | . . . Sneak Attacks . | . . . Combat Hostiles . | . . . Follow-up Attacks . | . . . Damage Inflicted 1869 | . 949 920 Guns 1783 | . 949 834 Cannons 86 | . . 86 Explosions . | . . . Melee . | . . . Ramming . | . . . Kinetic 991 | . 341 650 Thermal 878 | . 608 270 Explosive . | . . . Electromagnetic . | . . . Impact . | . . . Slashing . | . . . Piercing . | . . . Highest Corruption . | . . . Average Corruption . | . . . Corruption Purged . | . . . Corruption Blocked . | . . . Overload Shots . | . . . Overflow Damage . | . . . Projectiles . | . . . Explosions . | . . . Melee . | . . . Knockbacks . | . . . Impact . | . . . Kinetic . | . . . Secondary . | . . . Self-Inflicted Damage . | . . . Shots . | . . . Rammed . | . . . Targets Rammed . | . . . Kicked . | . . . Crushed . | . . . Highest Temperature 368 | . 368 . Average Temperature 90 | . 90 . Received Heat Transfer 510 | . 315 195 Effects 2 | . 2 . Shutdowns 1 | . 1 . Matter Decay 1 | . 1 . Siege Activations . | . . . Robots Corrupted . | . . . Combat Hostiles . | . . . Parts Fried . | . . . Impact Corruptions . | . . . Robots Melted . | . . . Combat Hostiles . | . . . Parts Melted 8 | . 6 2 Heat Transferred 2517 | . 1924 593 Parts Sabotaged . | . . . Parts Stolen . | . . . Parts Stripped . | . . . Power Chain Reactions . | . . . Alert | -11 -10 -10 ------- Run | Yrd Mat Sub Peak Influence 204 | . 204 . Initial . | . . . Average 77 | . 80 . Maximum Alert Level 1 | . 1 . Low Security (%) 97 | 100 97 . Level 1 2 | . 2 . Level 2 . | . . . Level 3 . | . . . Level 4 . | . . . Level 5 . | . . . High Security . | . . . Max Security . | . . . Squads Dispatched 1 | . 1 . Investigation 1 | . 1 . Extermination . | . . . Reinforcement . | . . . Assault . | . . . Garrison . | . . . Intercept . | . . . Searches Triggered . | . . . Construction Impeded . | . . . Haulers Reinforced . | . . . Active Scanning Responses . | . . . Cargo Convoy Interrupts . | . . . Stealth | -11 -10 -10 --------- Run | Yrd Mat Sub Distress Signals 2 | . 2 . Communications Jammed . | . . . Distress Signals . | . . . Times Spotted 134 | . 25 109 Peak Tracking Total 6 | . 6 5 Tactical Retreats 8 | . 2 6 Traps | -11 -10 -10 ------- Run | Yrd Mat Sub Traps Triggered 3 | . 1 2 Indirectly . | . . . Trap Hack Attempts . | . . . Triggered . | . . . Disarmed . | . . . Reprogrammed . | . . . Reused . | . . . Traps Extracted . | . . . Installed . | . . . Triggered . | . . . Machines | -11 -10 -10 ---------- Run | Yrd Mat Sub Machines Disabled . | . . . Max in Single Turn . | . . . Machines Repaired . | . . . Machines Dismantled . | . . . Machines Sabotaged . | . . . Overloaded Fab Kills . | . . . Hacking | -11 -10 -10 --------- Run | Yrd Mat Sub Machines Accessed 9 | . 8 1 Terminals 8 | . 8 . Fabricators . | . . . Repair Stations . | . . . Recycling Units . | . . . Scanalyzers . | . . . Garrison Access . | . . . Total Hacks 22 | . 19 3 Successful 12 | . 9 3 Failed 10 | . 10 . Catastrophic 3 | . 3 . Database Lockouts . | . . . Manual 9 | . 8 1 Terminals 19 | . 19 . Fabricators . | . . . Repair Stations . | . . . Recycling Units . | . . . Scanalyzers . | . . . Garrison Access . | . . . Terminal Hacks 11 | . 8 3 Record 3 | . . 3 Robot Analysis 2 | . 2 . Prototype ID Bank 1 | . 1 . Locate Traps 3 | . 3 . Maintenance Status 1 | . 1 . Zone Layout 1 | . 1 . Fabricator Hacks . | . . . Repair Station Hacks . | . . . Recycling Unit Hacks . | . . . Scanalyzer . | . . . Garrison Access Hacks . | . . . Unauthorized Hacks 1 | . 1 . Terminals 1 | . 1 . Track 1 | . 1 . Fabricators . | . . . Repair Stations . | . . . Recycling Units . | . . . Scanalyzers . | . . . Garrison Access . | . . . Data Cores Recovered 1 | . 1 . Used 1 | . 1 . Hacking Detections 8 | . 8 . Full Trace Events . | . . . Feedback Events . | . . . Feedback Blocked . | . . . Robot Schematics Acquired . | . . . Robots Built . | . . . Authchips . | . . . Time . | . . . Total Robot Build Rating . | . . . Part Schematics Acquired . | . . . Parts Built . | . . . Authchips . | . . . Time . | . . . Total Part Build Rating . | . . . Parts Repaired . | . . . Time . | . . . Parts Recycled . | . . . Recycled Matter . | . . . Retrieved Matter . | . . . Retrieved Components . | . . . Parts Scanalyzed . | . . . Part Schematics Acquired . | . . . Parts Damaged . | . . . Bothacking | -11 -10 -10 ------------ Run | Yrd Mat Sub Used RIF Installer . | . . . Robots Hacked . | . . . Non-combat . | . . . Combat . | . . . Robot Hacks Applied . | . . . Relay Couplers Released . | . . . Fabnet Peak Effective % . | . . . Robots Rewired . | . . . Allies Hacked . | . . . Hacks Repelled . | . . . Allies | -11 -10 -10 -------- Run | Yrd Mat Sub Total Allies . | . . . Largest Group . | . . . Highest-Rated Group . | . . . Highest-Rated Ally . | . . . Total Orders . | . . . Ally Attacks . | . . . Total Damage . | . . . Kills . | . . . Allies Corrupted . | . . . Allies Melted . | . . . Intel | -11 -10 -10 ------- Run | Yrd Mat Sub Robot Analysis Total 2 | . 2 . Derelict Logs Recovered . | . . . Drone Launches . | . . . Drone Recoveries . | . . . Exploration | -11 -10 -10 ------------- Run | Yrd Mat Sub Turns Passed 3208 | 34 1205 1969 Spaces Moved 1741 | 45 582 1114 Core 207 | 41 166 . Treads 1534 | 4 416 1114 Legs . | . . . Wheels . | . . . Hover . | . . . Flight . | . . . Fastest Speed 50 | 50 50 160 Average Speed 148 | 59 134 160 Slowest Speed 160 | 160 160 160 Overloaded Moves . | . . . Propulsion Burnouts . | . . . Robots Hopped . | . . . Cave-ins Triggered . | . . . Exploration Rate (%) 57 | 3 88 80 Regions Visited 2 Branch Regions 1 Pre-discovered Areas 1 | . . 1 Known Exits Taken . | . . . Unknown Exits Taken 2 | 1 1 . Scrap Searched . | . . . Spaces Dug . | . . . Terrain Destroyed . | . . . Melee . | . . . Projectile . | . . . AOE . | . . . Terrain Rammed . | . . . Walls Destroyed . | . . . Machines Disabled . | . . . Actions | -11 -10 -10 --------- Run | Yrd Mat Sub Total 2174 | 49 907 1218 Wait 258 | . 239 19 Move 1739 | 44 581 1114 Hop . | . . . Pick Up 24 | 1 18 5 Fast Attach 8 | 4 3 1 Attach 3 | . 2 1 Detach . | . . . Swap 12 | . 4 8 Drop 21 | . 6 15 Fire 109 | . 54 55 Melee . | . . . Ram . | . . . Kick . | . . . Crush . | . . . Escape Stasis . | . . . Rewire . | . . . Trap . | . . . Miscellaneous . | . . . Route ------- -11/Scrapyard -10/Materials (discovered 4 exits: [*Mat x3] / *Sub) -10/Subcaves (discovered 3 exits: [*Mat x2] / [*Rec]) History --------- Turn | Location | Event 21 | -11/Scrapyard | Discovered new exit (range 15) 35 | -11/Scrapyard | Entered Materials 234 | -10/Materials | Discovered new exit (range 3) 304 | -10/Materials | Build established: Mutant 699 | -10/Materials | Discovered new exit (range 16) 733 | -10/Materials | Discovered new exit (range 16) 1210 | -10/Materials | Discovered new exit (range 16) 1240 | -10/Materials | Entered Subcaves 1280 | -10/Subcaves | Shifting Twisted Machinery released Sub. Power Source 1284 | -10/Subcaves | Shifting Twisted Machinery released Sub. Laser 1587 | -10/Subcaves | Ambushed by swarm of Subdwellers 1631 | -10/Subcaves | Core integrity fell below 50% 1753 | -10/Subcaves | Discovered new exit (range 13) 1927 | -10/Subcaves | Build established: Scavenger-Mutant 2084 | -10/Subcaves | Disturbed a concealed Subdweller 2446 | -10/Subcaves | Learned location of Zion (-7) 2446 | -10/Subcaves | Met a Zionite searching for "candidates" 2530 | -10/Subcaves | Shifting Twisted Machinery released Sub. Optics 2555 | -10/Subcaves | Discovered new exit (range 11) 2572 | -10/Subcaves | Shifting Twisted Machinery released Mak. Kinetic Plating 2712 | -10/Subcaves | Ambushed by Subdwellers from Twisted Machinery 2935 | -10/Subcaves | Visited Clippyterm 2940 | -10/Subcaves | Learned Factory fabricator intel 2947 | -10/Subcaves | A swath of the cavern ceiling suddenly collapsed 3028 | -10/Subcaves | A swath of the cavern ceiling suddenly collapsed 3032 | -10/Subcaves | Build established: Mutant 3101 | -10/Subcaves | Discovered new exit (range 15) 3195 | -10/Subcaves | Ambushed by Subdwellers from Twisted Machinery 3209 | -10/Subcaves | Ambushed by Subdweller buried in earth 3209 | -10/Subcaves | Ambushed by Subdweller buried in earth 3209 | -10/Subcaves | Destroyed by Z4-N2C(R) with Subdweller Machine Gun Last Messages --------------- 03115_ Flight Unit fries itself beyond repair. 03115_ Lgt. Ion Engine fries itself beyond repair. 03116_ Autobeam Turret suffers critical hit (Destroy). 03116_ Destroyed Autobeam. 03117_ Acquired 5 matter. 03123_ Flight Unit fries itself beyond repair. 03125_ Sub. Machine Gun shoots sparks and powers down. 03126_ Acquired 3 matter. 03129_ Acquired 2 matter. 03130_ Acquired 1 matter. 03133_ Acquired 3 matter. 03133_ Dropped Broken Sub. Machine Gun. 03138_ Destroyed Autobeam. 03157_ Acquired 15 matter. 03177_ Acquired 4 matter. 03195_ XS-PUA(R) emerges from the Twisted Machinery. 03198_ Z4-N2C(R): "NOSTUCKSUB!" 03203_ Lgt. Treads destroyed. 03207_ Sub. Power Source destroyed. 03209_ Spk. Treads destroyed. Map ----- +----------------------------------------------------+ | ?????????????????????????????????????????## | | ?????????????????????????????????????????# | | ??????????????????????????????????????"" #### | | ?????????????????????????????????????? "" ?????## | | ????????????????????????????????????????????????## | | ?????????????????????????????????????????????????? | | ?????????????????????????????????????????????????# | | ?????????????????????????????????????????????????# | | ?????????????????????????????????????????????????# | | ????????????????????????????????????????????????## | | ?????????????????????????????????###????????????#" | | ?????????????????????????????#####<#####?????# ## | | ?????????????????????????????#"""" """"# ## | | ?????????????????????????????#" " " "## #" | | ?????????????????????????????#" "## ##### | | ?????????????????????????????# ## ????## | | ?????????????????????????????# ## ?????## | | ?????????????????????????????#" "# ?????## | | ?????????????????????????????#### ####??????#! | | ??????????????????????##???##???# #???????##[# | | ????????????????????### ### ###?## ##??###?##### | | ????????????????????# #??# ####"##????# | | ????????????????????## #??# ## " ###### | | ????????????????????#; ##### ## | | ??????????# ; ; ;## # ## ## | | ?????????? R R @ [ # | | ???????????" ; ; ;#R ; ## % ###### | | ???????????????????## ### ## #??? | | ????????????????????# R R#?# ### [ #?? | | ????????????????????# # #?####?# #?? | | ????????????????????###########??????# #?? | | ?????????????????????????????????????## #####?? | | ??????????????????????????????????????######?????? | | ?????????????????????????????????????????????????? | | ?????????????????????????????????????????????????? | | ?????????????????????????????????????????????????? | | ?????????????????????????????????????????????????? | | ?????????????????????????????????????????????????? | | ?????????????????????????????????????????????????? | | ?????????????????????????????????????????????????? | | ?????????????????????????????????????????????????? | | ?????????????????????????????????????????????????? | | ?????????????????????????????????????????????????? | | ?????????????????????????????????????????????????? | | ?????????????????????????????????????????????????? | | ?????????????????????????????????????????????????? | | ?????????????????????????????????????????????????? | | | | | | | +----------------------------------------------------+ Best States ------------- Heat Dissipation 25 Energy Generation 15 Energy Capacity 250 Matter Stores 300 Matter Capacity 300 Sight Range 16 Terrain Scan Density 10 Evasion (%) 50 Targeting Accuracy 6 Recoil Reduction 2 Item Schematics ----------------- None Robot Schematics ------------------ None Fabricated ------------ Nothing Alien Tech Used ----------------- None Achievements -------------- None Challenges ------------ None Game ------ Seed PoweredSlugSystem Manual? 0 Play Time 00:31:36 Cumulative 344.2 hours Start 2024.03.08 @ 15:36:19 End 2024.03.08 @ 16:14:53 Sessions 2 Manual Loads 0 Difficulty Rogue Special Mode None Game No. 144 Rogue 144 Adventurer 0 Explorer 0 Win Type - Total 16 Types 5/2/5/1/1/0/1/1/0 Lore% 82 Gallery% 82 Achievement% 72 Wizard Run 0 Options --------- Layout 0 ASCII 0 Keyboard 1 Movement Numpad Keybinds 0 Fullscreen 2 Font 18/X11 Map View 76x50 Zoom Use 1% Tactical HUD 1 Map Filters NONE Filters NONE Steam 1 RUN: c5d620a2-1ed0-42af-8cda-fd0eac021fee